[Event "ROU-chT 1st League 2019"]
[Site "Mamaia"]
[Date "2019.09.26"]
[Round "6.16"]
[White "Manea, Alexandru"]
[Black "Pop, Alexandru"]
[Result "1/2-1/2"]
[ECO "A46"]
[WhiteElo "2305"]
[BlackElo "2274"]
[Annotator "NA"]
[PlyCount "117"]
[EventDate "2019.09.21"]
[EventType "team-tourn"]
[EventCountry "ROU"]
[SourceTitle "playchess.com"]
[Source "ChessBase"]
[SourceQuality "1"]
[TimeControl "40/5400+30:1800+30"]

1. d4 Nf6 2. Nf3 d5 3. c4 e6 4. g3 dxc4 5. Qa4+ Nbd7 6. Qxc4 a6 7. Bg2 b5 8. Qc2 Bb7 9. O-O c5 10. Be3 Rc8 11. dxc5 Bxc5 12. Bxc5 Rxc5 13. Qb3 O-O 14. Nc3 Qb6 15. Rad1 Rfc8 16. Rd4 Rc4 17. Rxc4 Rxc4 18. Nd2 Rd4 19. Nf3 Bxf3 20. Bxf3 Ne5 21. Bg2 Nc4 22. Rd1 Rxd1+ 23. Nxd1 Qd4 24. Qc2 h5 25. Bf1 Ne5 26. Bg2 h4 27. Ne3 hxg3 28. hxg3 Nfg4 29. Nxg4 Nxg4 30. e3 Qb4 31. Qc3 Qa4 32. Bf3 Nf6 33. a3 a5 34. Kg2 b4 35. Qc4 Nd7 36. Qc8+ Nf8 37. Qc4 Ng6 38. Be4 Ne7 39. Qc7 Ng6 40. Bc2 Qb5 41. Bxg6 fxg6 42. Qd8+ Kf7 43. Qc7+ Kg8 44. Qd6 Kf7 45. axb4 axb4 46. Qf4+ Ke7 47. Qd4 Kf7 48. e4 b3 49. Kf3 Kf8 50. Qd8+ Kf7 51. Qc7+ Kf8 52. Qd6+ Kf7 53. Qd4 Kf8 54. Kf4 Kf7 55. Qc3 Qb6 56. Qf3 Qb5 57. Qc3 Qb6 58. Kf3 Qb5 59. Qd4 1/2-1/2

[Event "ROU-chT 1st League 2019"]
[Site "Mamaia"]
[Date "2019.09.26"]
[Round "6.17"]
[White "Daianu, Cristian-Clement"]
[Black "Szabo, Attila"]
[Result "1-0"]
[ECO "C50"]
[WhiteElo "2206"]
[BlackElo "2239"]
[Annotator "NA"]
[PlyCount "75"]
[EventDate "2019.09.21"]
[EventType "team-tourn"]
[EventCountry "ROU"]
[SourceTitle "playchess.com"]
[Source "ChessBase"]
[SourceQuality "1"]
[TimeControl "40/5400+30:1800+30"]

1. e4 e5 2. Nf3 Nc6 3. Bc4 Be7 4. O-O Nf6 5. d3 O-O 6. Re1 d6 7. a4 a6 8. a5 Nd4 9. c3 Nxf3+ 10. Qxf3 Bg4 11. Qg3 Qc8 12. h3 Be6 13. Bh6 Nh5 14. Qf3 Nf6 15. Bg5 h6 16. Be3 Qd7 17. Nd2 d5 18. exd5 Bxd5 19. Qg3 Nh5 20. Qxe5 Bxc4 21. Nxc4 f5 22. Bxh6 Bf6 23. Qe2 Ng3 24. Qf3 gxh6 25. Qxg3+ Bg7 26. Re2 Rad8 27. d4 Qd5 28. Re7 Rf7 29. Rxf7 Qxf7 30. Ne5 Qb3 31. Re1 Qxb2 32. Nf7 Rf8 33. Nxh6+ Kh7 34. Re6 Qb1+ 35. Kh2 f4 36. Qh4 f3 37. Re7 fxg2 38. Nf5+ 1-0

[Event "ROU-chT 1st League 2019"]
[Site "Mamaia"]
[Date "2019.09.26"]
[Round "6.18"]
[White "Vasiesiu, Victor"]
[Black "Stanciu, Andreea-Briana"]
[Result "1-0"]
[ECO "C50"]
[WhiteElo "2251"]
[BlackElo "1884"]
[Annotator "NA"]
[PlyCount "115"]
[EventDate "2019.09.21"]
[EventType "team-tourn"]
[EventCountry "ROU"]
[SourceTitle "playchess.com"]
[Source "ChessBase"]
[SourceQuality "1"]
[TimeControl "40/5400+30:1800+30"]

1. e4 e5 2. Nf3 Nc6 3. Bc4 Bc5 4. O-O Nf6 5. d3 O-O 6. Bg5 h6 7. Bh4 Be7 8. Bg3 d6 9. a4 Be6 10. Nbd2 Bxc4 11. Nxc4 Nd7 12. Ne3 Re8 13. c3 Bf8 14. b4 a5 15. Qb3 b6 16. Qc4 Ne7 17. Nh4 Nf6 18. Qb3 Qd7 19. f4 exf4 20. Bxf4 Qe6 21. Qxe6 fxe6 22. Bg3 Nh5 23. Be1 g5 24. Nf3 Nf4 25. d4 Bg7 26. b5 Rf8 27. Ra2 Neg6 28. g3 Nh5 29. Re2 Nf6 30. Nc4 g4 31. Nfd2 Nh7 32. Ne3 h5 33. Rxf8+ Rxf8 34. Rf2 Re8 35. Kf1 Ng5 36. Ke2 Nh3 37. Rf1 Bh6 38. Kd3 Rf8 39. Rxf8+ Kxf8 40. Nb3 Ng1 41. Nf1 Nf3 42. Bf2 Ke7 43. Ke2 Ng5 44. Nfd2 Nh3 45. Be1 d5 46. Kd3 Kd7 47. Nf1 Ng1 48. Nbd2 c6 49. Bf2 Nh3 50. Be3 Bf8 51. bxc6+ Kxc6 52. c4 Bb4 53. Nb3 Ne7 54. Nfd2 Nc8 55. cxd5+ exd5 56. exd5+ Kxd5 57. Ne4 Be7 58. Nc3+ {[%emt 0:01:38] Ke5 d5 Bd8 Nd2 Kf5 Nc4 h4 Ne4 Be7 Kd4 Bd8 d6 hxg3 Kd5} 1-0

[Event "ROU-chT 1st League 2019"]
[Site "Mamaia"]
[Date "2019.09.26"]
[Round "6.19"]
[White "Doncea, Vladimir"]
[Black "Tarlev, Konstantin"]
[Result "0-1"]
[ECO "A37"]
[WhiteElo "2341"]
[BlackElo "2559"]
[Annotator "ChessBase"]
[PlyCount "134"]
[EventDate "2019.09.21"]
[EventType "team-tourn"]
[EventCountry "ROU"]
[SourceTitle "playchess.com"]
[Source "ChessBase"]
[SourceQuality "1"]
[TimeControl "40/5400+30:1800+30"]

1. Nf3 c5 2. g3 g6 3. Bg2 Bg7 4. c4 Nc6 5. Nc3 e5 6. O-O Nge7 7. a3 d6 8. d3 O-O 9. Rb1 a5 10. Ne1 Be6 11. Nc2 d5 12. cxd5 Nxd5 13. Ne3 Nde7 14. Ne4 b6 15. Ng5 Bd7 16. f4 exf4 17. gxf4 h6 18. Nf3 b5 19. a4 bxa4 20. Nc4 Rb8 21. Qxa4 Nd4 22. Qd1 Nec6 23. Bd2 Re8 24. e3 Nxf3+ 25. Qxf3 Nb4 26. Bc3 Bc6 27. e4 Nxd3 28. Qe3 Bd4 29. Bxd4 Qxd4 30. Qxd4 cxd4 31. e5 Bxg2 32. Kxg2 Rec8 33. Nxa5 Rc2+ 34. Kg3 Rbxb2 35. Rxb2 Nxb2 36. Nb3 d3 37. Rf2 Nc4 38. Rxc2 dxc2 39. Nc1 Kg7 40. Kf3 g5 41. Ke4 gxf4 42. Kxf4 Kg6 43. Ke4 Kg5 44. Kd3 Nxe5+ 45. Kxc2 Ng4 46. Kd2 Nxh2 47. Ke3 Ng4+ 48. Kf3 Ne5+ 49. Kg3 f5 50. Ne2 Ng6 51. Nd4 f4+ 52. Kh3 Ne5 53. Ne6+ Kf5 54. Nc5 Ng4 55. Nd3 Nf6 56. Nf2 Ne4 57. Ng4 h5 58. Nh2 Ng5+ 59. Kg2 Ke4 60. Kf2 Nf7 61. Nf3 Ne5 62. Nd2+ Kf5 63. Nf1 Ng4+ 64. Kf3 h4 65. Nd2 h3 66. Nf1 h2 67. Kg2 Ne3+ 0-1

[Event "ROU-chT 1st League 2019"]
[Site "Mamaia"]
[Date "2019.09.26"]
[Round "6.20"]
[White "Morozov, Nichita"]
[Black "Ciorgovean, Iustin"]
[Result "1/2-1/2"]
[ECO "A06"]
[WhiteElo "2394"]
[BlackElo "2331"]
[Annotator "NA"]
[PlyCount "83"]
[EventDate "2019.09.21"]
[EventType "team-tourn"]
[EventCountry "ROU"]
[SourceTitle "playchess.com"]
[Source "ChessBase"]
[SourceQuality "1"]
[TimeControl "40/5400+30:1800+30"]

1. Nf3 d5 2. g3 g6 3. c4 dxc4 4. Qa4+ Nc6 5. Bg2 Bg7 6. Na3 Nh6 7. Nxc4 O-O 8. d3 Nf5 9. Bf4 f6 10. Ne3 Nh6 11. Nc2 e5 12. Bd2 Nf5 13. b4 a6 14. Qb3+ Kh8 15. O-O Re8 16. a4 Ncd4 17. Ncxd4 Nxd4 18. Nxd4 Qxd4 19. Bc3 Qd6 20. Qb2 c6 21. Rad1 Be6 22. d4 exd4 23. Rxd4 Qe7 24. Rfd1 Rad8 25. Qa1 Rxd4 26. Rxd4 Rd8 27. Rxd8+ Qxd8 28. Be4 Kg8 29. Bd3 Kf7 30. h4 Qd7 31. Qb1 Bf5 32. Bc4+ Be6 33. Bd3 Bf5 34. Qb3+ Be6 35. Qc2 Bf5 36. Qa2+ Be6 37. Qd2 h5 38. Qf4 Bf5 39. Bc4+ Be6 40. Bd3 Bf5 41. Bc4+ Be6 42. Bd3 1/2-1/2

[Event "ROU-chT 1st League 2019"]
[Site "Mamaia"]
[Date "2019.09.26"]
[Round "6.21"]
[White "Barzanu, Iulian"]
[Black "Ionescu, Constantin"]
[Result "1/2-1/2"]
[ECO "B43"]
[WhiteElo "2187"]
[BlackElo "2426"]
[Annotator "NA"]
[PlyCount "61"]
[EventDate "2019.09.21"]
[EventType "team-tourn"]
[EventCountry "ROU"]
[SourceTitle "playchess.com"]
[Source "ChessBase"]
[SourceQuality "1"]
[TimeControl "40/5400+30:1800+30"]

1. e4 c5 2. Nf3 e6 3. d4 cxd4 4. Nxd4 a6 5. Nc3 b5 6. Bd3 Bb7 7. O-O Nc6 8. Nxc6 Bxc6 9. Re1 Qb8 10. Qe2 Bd6 11. e5 Bc7 12. f4 f5 13. Qh5+ g6 14. Qh3 Kf7 15. Be3 Kg7 16. a4 b4 17. Ne2 Nh6 18. Qg3 Rc8 19. h3 Bb6 20. Nd4 Bd5 21. Qf2 Bd8 22. Nb3 Rc6 23. Rad1 Nf7 24. Rd2 Be7 25. Be2 Qc8 26. Bf3 Bxf3 27. Qxf3 Rb8 28. Red1 d5 29. exd6 Rxd6 30. Rxd6 Bxd6 31. Nd4 1/2-1/2

[Event "ROU-chT 1st League 2019"]
[Site "Mamaia"]
[Date "2019.09.26"]
[Round "6.22"]
[White "Cosma, Ioan"]
[Black "Prodileanu, Adrian"]
[Result "1-0"]
[ECO "A46"]
[WhiteElo "2394"]
[BlackElo "2236"]
[Annotator "NA"]
[PlyCount "167"]
[EventDate "2019.09.21"]
[EventType "team-tourn"]
[EventCountry "ROU"]
[SourceTitle "playchess.com"]
[Source "ChessBase"]
[SourceQuality "1"]
[TimeControl "40/5400+30:1800+30"]

1. d4 Nf6 2. Nf3 e6 3. g3 c5 4. Bg2 Nc6 5. O-O d5 6. c4 dxc4 7. Ne5 Bd7 8. Na3 cxd4 9. Naxc4 Bc5 10. Bf4 O-O 11. Qb3 Rc8 12. Qxb7 Nxe5 13. Nxe5 Rb8 14. Qxb8 Qxb8 15. Nxd7 Qxb2 16. Nxc5 Qxe2 17. Rfe1 Qb5 18. Nb3 Rd8 19. Rad1 d3 20. Bf1 Qa4 21. Bg5 Qxa2 22. Bxf6 gxf6 23. Nc1 Qa5 24. Nxd3 Rd4 25. Ra1 Ra4 26. Rab1 Kg7 27. Rec1 Ra3 28. Rc2 Rc3 29. Rcb2 Qa3 30. Nf4 Rc1 31. Rxc1 Qxb2 32. Nd3 Qd2 33. Rc4 Qa5 34. Nc5 Qd2 35. Na6 Qd6 36. Rc7 Qb6 37. Rd7 h6 38. h4 f5 39. h5 f4 40. gxf4 Qa5 41. Be2 Qe1+ 42. Bf1 Qa5 43. Rxa7 Qxh5 44. Nc7 Qg4+ 45. Bg2 Kg6 46. Ra3 Qxf4 47. Rg3+ Kh7 48. Nb5 Qe5 49. Nc3 f5 50. Rd3 Kg7 51. Bf1 Kf6 52. Ne2 Qc5 53. Rc3 Qb4 54. f4 Qb6+ 55. Kg2 e5 56. Rh3 Qb7+ 57. Kh2 exf4 58. Bg2 Qc7 59. Bf3 Kg5 60. Kg2 Qe5 61. Rh5+ Kg6 62. Rh1 Kg5 63. Rb1 Kh4 64. Rb6 Kg5 65. Rb4 Qd6 66. Rd4 Qc7 67. Rd5 Kf6 68. Nd4 Qg7+ 69. Kf1 Qg5 70. Rd6+ Ke5 71. Rd5+ Kf6 72. Ke2 Kg6 73. Rd6+ Kh7 74. Kd3 Qg1 75. Nxf5 Qb1+ 76. Kd4 Qb4+ 77. Ke5 Qb2+ 78. Nd4 Kg7 79. Bh5 Qa1 80. Rd7+ Kh8 81. Rd8+ Kg7 82. Rd7+ Kh8 83. Kf6 Qa5 84. Ne6 1-0

[Event "ROU-chT 1st League 2019"]
[Site "Mamaia"]
[Date "2019.09.26"]
[Round "6.23"]
[White "Micu, Iulian"]
[Black "Itkis, Boris"]
[Result "1/2-1/2"]
[ECO "A46"]
[WhiteElo "2165"]
[BlackElo "2323"]
[Annotator "NA"]
[PlyCount "105"]
[EventDate "2019.09.21"]
[EventType "team-tourn"]
[EventCountry "ROU"]
[SourceTitle "playchess.com"]
[Source "ChessBase"]
[SourceQuality "1"]
[TimeControl "40/5400+30:1800+30"]

1. d4 Nf6 2. Nf3 e6 3. Bf4 c5 4. e3 b6 5. Nbd2 Bb7 6. Bd3 Be7 7. h3 cxd4 8. exd4 O-O 9. O-O d6 10. Re1 Nbd7 11. Qe2 a6 12. c3 Re8 13. Nc4 Qc7 14. a4 Bf8 15. Bg3 h6 16. Rac1 Bc6 17. b3 b5 18. Ncd2 Qb7 19. axb5 axb5 20. Ra1 b4 21. c4 Ra7 22. Rxa7 Qxa7 23. Bb1 Qb7 24. Qd3 g6 25. Nh4 Qa8 26. Nxg6 fxg6 27. Qxg6+ Bg7 28. Bxd6 Nf8 29. Qg3 Qb7 30. f3 Qd7 31. c5 Qf7 32. Nc4 N6d7 33. Ne5 Nxe5 34. dxe5 Bd5 35. f4 Ra8 36. Be4 Bxe4 37. Rxe4 Ra1+ 38. Kh2 Qb7 39. Qf3 Rc1 40. Re3 Qxf3 41. Rxf3 Nd7 42. Rd3 Nxc5 43. Rd4 Nxb3 44. Rxb4 Na5 45. Rb8+ Kf7 46. g4 Nc4 47. Rb7+ Kg8 48. Rc7 Rc2+ 49. Kg3 Ne3 50. Rxc2 Nxc2 51. f5 Nd4 52. Kf4 Kf7 53. h4 1/2-1/2

[Event "ROU-chT 1st League 2019"]
[Site "Mamaia"]
[Date "2019.09.26"]
[Round "6.24"]
[White "Ileana, George"]
[Black "Jiroveanu, George"]
[Result "1/2-1/2"]
[ECO "A04"]
[WhiteElo "2349"]
[BlackElo "2241"]
[Annotator "NA"]
[PlyCount "78"]
[EventDate "2019.09.21"]
[EventType "team-tourn"]
[EventCountry "ROU"]
[SourceTitle "playchess.com"]
[Source "ChessBase"]
[SourceQuality "1"]
[TimeControl "40/5400+30:1800+30"]

1. Nf3 f5 2. g3 Nf6 3. Bg2 e6 4. d4 d5 5. O-O Bd6 6. c4 c6 7. b3 O-O 8. Bb2 Ne4 9. Nbd2 Nd7 10. e3 Qf6 11. Ne1 Nxd2 12. Qxd2 Qh6 13. Nd3 g5 14. Rae1 g4 15. Qc1 Qg7 16. Ba3 Qe7 17. Bxd6 Qxd6 18. Nf4 Nf6 19. cxd5 cxd5 20. Qc5 Qxc5 21. dxc5 Bd7 22. Rc1 Kf7 23. Rfd1 Bc6 24. Nd3 Ke7 25. a4 Rfc8 26. Kf1 Rc7 27. Ke2 Rac8 28. Rd2 a5 29. Rb2 Nd7 30. h3 gxh3 31. Bxh3 Kf6 32. g4 fxg4 33. Bxg4 Ne5 34. Nxe5 Kxe5 35. f4+ Kf6 36. Kd3 Rg8 37. Bf3 e5 38. fxe5+ Kxe5 39. Rh2 Rg5 {[%emt 0:03:13] Ke4+} 1/2-1/2

[Event "ROU-chT 1st League 2019"]
[Site "Mamaia"]
[Date "2019.09.26"]
[Round "6.25"]
[White "Istratescu, Andrei"]
[Black "Oltean, Dorel"]
[Result "1-0"]
[ECO "B39"]
[WhiteElo "2556"]
[BlackElo "2333"]
[Annotator "ChessBase"]
[PlyCount "55"]
[EventDate "2019.09.21"]
[EventType "team-tourn"]
[EventCountry "ROU"]
[SourceTitle "playchess.com"]
[Source "ChessBase"]
[SourceQuality "1"]
[TimeControl "40/5400+30:1800+30"]

1. c4 c5 2. Nf3 g6 3. d4 cxd4 4. Nxd4 Bg7 5. e4 Nc6 6. Be3 Nf6 7. Nc3 Ng4 8. Qxg4 Bxd4 9. Bxd4 Nxd4 10. O-O-O e5 11. Qg3 d6 12. f4 Qa5 13. fxe5 dxe5 14. Nd5 Nc6 15. a3 Be6 16. Nf6+ Kf8 17. h4 h5 18. Bd3 a6 19. Kb1 Kg7 20. Rhf1 b5 21. Nd5 bxc4 22. Bxc4 Rab8 23. Rf2 Qc5 24. Bxa6 Rb3 25. Rxf7+ Bxf7 26. Qxb3 Nd4 27. Qc3 Qa7 28. Qc7 1-0

[Event "ROU-chT 1st League 2019"]
[Site "Mamaia"]
[Date "2019.09.26"]
[Round "6.26"]
[White "Florescu, Codrut-Constantin"]
[Black "Aczel, Gergely"]
[Result "0-1"]
[ECO "A80"]
[WhiteElo "2286"]
[BlackElo "2530"]
[Annotator "ChessBase"]
[PlyCount "104"]
[EventDate "2019.09.21"]
[EventType "team-tourn"]
[EventCountry "ROU"]
[SourceTitle "playchess.com"]
[Source "ChessBase"]
[SourceQuality "1"]
[TimeControl "40/5400+30:1800+30"]

1. d4 f5 2. Nf3 Nf6 3. c3 e6 4. Bg5 h6 5. Bxf6 Qxf6 6. Nbd2 d5 7. Ne5 Bd6 8. f4 Qh4+ 9. g3 Qh5 10. Qa4+ Nd7 11. Ndf3 c6 12. Bg2 O-O 13. e3 a5 14. O-O Nxe5 15. Nxe5 Qe2 16. Rf2 Qxe3 17. Nf3 Qd3 18. Bf1 b5 19. Bxd3 bxa4 20. a3 Rb8 21. Re1 c5 22. dxc5 Bxc5 23. Nd4 Bd7 24. Kg2 Bxd4 25. cxd4 Rb3 26. Bf1 Rc8 27. Rd2 Kf7 28. Bd3 Rcb8 29. Ree2 Rxd3 30. Rxd3 Bb5 31. Rdd2 Bxe2 32. Rxe2 Rb3 33. Rd2 g5 34. Kf2 Kg6 35. Re2 Kf6 36. Rd2 g4 37. Kg2 h5 38. h4 Ke7 39. Kf2 Kd6 40. Kg2 Re3 41. Kf2 Re4 42. Rd3 Kc6 43. Rc3+ Kb7 44. Rc5 Rxd4 45. Rxa5 Rd2+ 46. Kf1 Rxb2 47. Rxa4 Ra2 48. Kg1 Kb6 49. Ra8 d4 50. Kf1 Kc5 51. Ra5+ Kc4 52. Re5 Rxa3 0-1

[Event "ROU-chT 1st League 2019"]
[Site "Mamaia"]
[Date "2019.09.26"]
[Round "6.27"]
[White "Mateuta, Gabriel"]
[Black "Oltean, Liviu-Ioan"]
[Result "1-0"]
[ECO "A43"]
[WhiteElo "2514"]
[BlackElo "2313"]
[Annotator "ChessBase"]
[PlyCount "118"]
[EventDate "2019.09.21"]
[EventType "team-tourn"]
[EventCountry "ROU"]
[SourceTitle "playchess.com"]
[Source "ChessBase"]
[SourceQuality "1"]
[TimeControl "40/5400+30:1800+30"]

1. d4 Nf6 2. Nf3 c5 3. d5 d6 4. Nc3 g6 5. e4 Bg7 6. Bb5+ Bd7 7. a4 O-O 8. O-O a6 9. Be2 Bg4 10. Nd2 Bxe2 11. Qxe2 Nbd7 12. a5 Ne8 13. Nc4 Nc7 14. Na4 Nb5 15. c3 e5 16. dxe6 fxe6 17. Nab6 Nxb6 18. Nxb6 Rb8 19. Be3 Qe7 20. Rad1 Rf7 21. Qc4 Re8 22. Rd2 Qc7 23. Qe2 Qc6 24. Qg4 Be5 25. Nc4 Bg7 26. Rfd1 Bf8 27. h4 e5 28. Nb6 Bg7 29. f3 Qc7 30. Bg5 h5 31. Qh3 Kh7 32. Nc4 Bf8 33. Nb6 Qc6 34. Qg3 Re6 35. Qf2 Nc7 36. Qe2 Qb5 37. Qc4 Qxc4 38. Nxc4 Nb5 39. Kf2 Kg7 40. Ke2 Rc7 41. Nb6 Re8 42. Kd3 Rc6 43. Kc2 Kf7 44. g4 Nc7 45. Nc4 Nb5 46. Kb3 Ke6 47. Rd5 Rc7 48. gxh5 gxh5 49. f4 exf4 50. Bxf4 Rh7 51. Bxd6 Bxd6 52. Nxd6 Nxd6 53. Rxd6+ Ke5 54. Rd7 Rxd7 55. Rxd7 Kxe4 56. Rxb7 Kd5 57. c4+ Kd4 58. Rd7+ Ke3 59. Rd5 Re7 1-0

[Event "ROU-chT 1st League 2019"]
[Site "Mamaia"]
[Date "2019.09.26"]
[Round "6.28"]
[White "Talu, Mircea"]
[Black "Filip, Lucian-Ioan"]
[Result "1/2-1/2"]
[ECO "A62"]
[WhiteElo "2288"]
[BlackElo "2419"]
[Annotator "NA"]
[PlyCount "30"]
[EventDate "2019.09.21"]
[EventType "team-tourn"]
[EventCountry "ROU"]
[SourceTitle "playchess.com"]
[Source "ChessBase"]
[SourceQuality "1"]
[TimeControl "40/5400+30:1800+30"]

1. d4 e6 2. c4 Nf6 3. g3 c5 4. d5 exd5 5. cxd5 d6 6. Nc3 g6 7. Bg2 Bg7 8. Nf3 O-O 9. O-O Re8 10. Nd2 b6 11. Re1 Ba6 12. Qa4 Bd3 13. Nc4 Bxc4 14. Qxc4 a6 15. Qh4 Nbd7 1/2-1/2

[Event "ROU-chT 1st League 2019"]
[Site "Mamaia"]
[Date "2019.09.26"]
[Round "6.29"]
[White "Secheres, Adrian-Simion"]
[Black "Helmer, Janos"]
[Result "1-0"]
[ECO "E73"]
[WhiteElo "2397"]
[BlackElo "1990"]
[Annotator "NA"]
[PlyCount "65"]
[EventDate "2019.09.21"]
[EventType "team-tourn"]
[EventCountry "ROU"]
[SourceTitle "playchess.com"]
[Source "ChessBase"]
[SourceQuality "1"]
[TimeControl "40/5400+30:1800+30"]

1. d4 Nf6 2. c4 d6 3. Nc3 g6 4. e4 Bg7 5. Be2 O-O 6. Bg5 Nbd7 7. Qd2 c6 8. Nf3 e5 9. O-O Re8 10. d5 Nc5 11. Qc2 a5 12. Nd2 Bd7 13. Rac1 Rb8 14. a3 cxd5 15. cxd5 a4 16. Nb5 Bf8 17. Be3 Rc8 18. Bxc5 Rxc5 19. Qxa4 Qb6 20. Rxc5 Qxc5 21. Bd3 Rc8 22. Nb3 Qb6 23. Qb4 Nxe4 24. Qxe4 f5 25. Qb4 e4 26. Be2 Rc2 27. N3d4 Rc5 28. Nc3 Qa7 29. Bb5 Bc8 30. Ne6 Bxe6 31. dxe6 Be7 32. Qd4 Qb6 33. Be8 1-0

[Event "ROU-chT 1st League 2019"]
[Site "Mamaia"]
[Date "2019.09.26"]
[Round "6.30"]
[White "Bobocea, Laurentiu-Vlad"]
[Black "Ognean, Mihnea-Ionut"]
[Result "1/2-1/2"]
[ECO "E37"]
[WhiteElo "1921"]
[BlackElo "2285"]
[Annotator "NA"]
[PlyCount "77"]
[EventDate "2019.09.21"]
[EventType "team-tourn"]
[EventCountry "ROU"]
[SourceTitle "playchess.com"]
[Source "ChessBase"]
[SourceQuality "1"]
[TimeControl "40/5400+30:1800+30"]

1. d4 Nf6 2. c4 e6 3. Nc3 Bb4 4. Qc2 d5 5. a3 Bxc3+ 6. Qxc3 Ne4 7. Qc2 c5 8. dxc5 Nc6 9. Nf3 Qa5+ 10. Bd2 Qxc5 11. e3 Nxd2 12. Nxd2 Bd7 13. b4 Qe7 14. Be2 O-O 15. O-O Rac8 16. Qb2 Rfd8 17. Rfd1 Be8 18. Rac1 d4 19. Nf3 dxe3 20. fxe3 f6 21. c5 a6 22. Qb3 Bf7 23. Bc4 e5 24. Nd2 Bxc4 25. Nxc4 Qe6 26. Qc2 Rxd1+ 27. Rxd1 Rd8 28. Rxd8+ Nxd8 29. Qe4 g6 30. Nd6 f5 31. Qh4 Nf7 32. Nxf7 Qxf7 33. Qd8+ Kg7 34. Qd6 e4 35. a4 Qb3 36. Qe7+ Kh6 37. Qh4+ Kg7 38. Qe7+ Kh6 39. Qh4+ 1/2-1/2

[Event "ROU-chT 1st League 2019"]
[Site "Mamaia"]
[Date "2019.09.27"]
[Round "7.1"]
[White "Oltean, Dorel"]
[Black "Kuzubov, Yuriy"]
[Result "0-1"]
[ECO "A06"]
[WhiteElo "2333"]
[BlackElo "2636"]
[Annotator "ChessBase"]
[PlyCount "46"]
[EventDate "2019.09.21"]
[EventType "team-tourn"]
[EventCountry "ROU"]
[SourceTitle "playchess.com"]
[Source "ChessBase"]
[SourceQuality "1"]
[TimeControl "40/5400+30:1800+30"]

1. Nf3 d5 2. g3 Bg4 3. Ne5 Bf5 4. c4 Nd7 5. Nxd7 Qxd7 6. Qb3 c6 7. cxd5 Be4 8. f3 Bxd5 9. Qc2 e5 10. Bg2 f5 11. O-O Nf6 12. d3 h5 13. e4 Be6 14. Be3 h4 15. Nd2 hxg3 16. hxg3 f4 17. gxf4 exf4 18. Bxf4 Nh5 19. Be5 Bd6 20. Bxd6 Qxd6 21. Nc4 Bxc4 22. Qxc4 Nf4 23. Rf2 O-O-O 0-1

[Event "ROU-chT 1st League 2019"]
[Site "Mamaia"]
[Date "2019.09.27"]
[Round "7.3"]
[White "Oltean, Liviu-Ioan"]
[Black "Rogozenco, Dorian"]
[Result "1/2-1/2"]
[ECO "B30"]
[WhiteElo "2313"]
[BlackElo "2491"]
[Annotator "ChessBase"]
[PlyCount "71"]
[EventDate "2019.09.21"]
[EventType "team-tourn"]
[EventCountry "ROU"]
[SourceTitle "playchess.com"]
[Source "ChessBase"]
[SourceQuality "1"]
[TimeControl "40/5400+30:1800+30"]

1. e4 c5 2. Nf3 Nc6 3. Bb5 e6 4. O-O Nge7 5. Re1 Ng6 6. c3 a6 7. Bf1 Be7 8. d4 cxd4 9. cxd4 d5 10. e5 O-O 11. Nc3 Bd7 12. Bd3 Rc8 13. Be3 Na5 14. Qe2 Nc4 15. Rec1 f5 16. exf6 gxf6 17. Bh6 Re8 18. Nh4 f5 19. Nf3 Bf6 20. Rd1 Nd6 21. Rac1 Nf7 22. Qd2 Qb6 23. Be3 Kh8 24. Bb1 Qd6 25. Ne2 Qf8 26. Nf4 Nxf4 27. Bxf4 Qg7 28. Rxc8 Rxc8 29. Re1 Rg8 30. g3 Rc8 31. Kg2 Kg8 32. a3 Rc4 33. Ne5 Nxe5 34. Bxe5 Bxe5 35. Rxe5 Qg4 36. f4 1/2-1/2

[Event "ROU-chT 1st League 2019"]
[Site "Mamaia"]
[Date "2019.09.27"]
[Round "7.4"]
[White "Manolache, Marius"]
[Black "Talu, Mircea"]
[Result "1-0"]
[ECO "E46"]
[WhiteElo "2548"]
[BlackElo "2288"]
[Annotator "RC"]
[PlyCount "85"]
[EventDate "2019.09.21"]
[EventType "team-tourn"]
[EventCountry "ROU"]
[SourceTitle "playchess.com"]
[Source "ChessBase"]
[SourceQuality "1"]
[TimeControl "40/5400+30:1800+30"]

1. d4 Nf6 2. c4 e6 3. Nc3 Bb4 4. e3 O-O 5. Bd2 b6 6. Bd3 Bb7 7. Nge2 c5 8. a3 Bxc3 9. Bxc3 Ne4 10. Bxe4 Bxe4 11. dxc5 bxc5 12. Qd6 Nc6 13. Rd1 Qb6 14. Qg3 e5 15. O-O Qc7 16. Rd2 d6 17. Rfd1 Rfd8 18. h4 Bf5 19. Nf4 Ne7 20. Nh5 Ng6 21. Qg5 Be6 22. f4 f6 23. Qg3 Kh8 24. e4 Bxc4 25. f5 Nf8 26. Ba5 Qf7 27. Bxd8 Rxd8 28. Qg4 Bb3 29. Rc1 c4 30. Rc3 a5 31. Rd5 Qa7+ 32. Kh2 a4 33. Rg3 c3 34. Ra5 Qf7 35. Rxc3 d5 36. exd5 g6 37. Ng3 Rxd5 38. Rxd5 Qxd5 39. Rc8 Qf7 40. h5 g5 41. h6 Kg8 42. Qb4 Bd5 43. Qd6 1-0

[Event "ROU-chT 1st League 2019"]
[Site "Mamaia"]
[Date "2019.09.27"]
[Round "7.7"]
[White "Tarlev, Konstantin"]
[Black "Istratescu, Andrei"]
[Result "1/2-1/2"]
[ECO "C42"]
[WhiteElo "2559"]
[BlackElo "2556"]
[Annotator "ChessBase"]
[PlyCount "35"]
[EventDate "2019.09.21"]
[EventType "team-tourn"]
[EventCountry "ROU"]
[SourceTitle "playchess.com"]
[Source "ChessBase"]
[SourceQuality "1"]
[TimeControl "40/5400+30:1800+30"]

1. e4 e5 2. Nf3 Nf6 3. Nxe5 d6 4. Nf3 Nxe4 5. Nc3 Nxc3 6. dxc3 Be7 7. Bf4 Nd7 8. Qd2 Nc5 9. O-O-O O-O 10. h4 Bg4 11. Be2 Re8 12. Nd4 Bxe2 13. Qxe2 Bf6 14. Qf3 Qe7 15. Qh3 Bxd4 16. cxd4 Ne4 17. Be3 Qf6 18. Rhf1 1/2-1/2

[Event "ROU-chT 1st League 2019"]
[Site "Mamaia"]
[Date "2019.09.27"]
[Round "7.8"]
[White "Aczel, Gergely"]
[Black "Morozov, Nichita"]
[Result "1-0"]
[ECO "E46"]
[WhiteElo "2530"]
[BlackElo "2394"]
[Annotator "ChessBase"]
[PlyCount "91"]
[EventDate "2019.09.21"]
[EventType "team-tourn"]
[EventCountry "ROU"]
[SourceTitle "playchess.com"]
[Source "ChessBase"]
[SourceQuality "1"]
[TimeControl "40/5400+30:1800+30"]

1. d4 Nf6 2. c4 e6 3. Nc3 Bb4 4. e3 O-O 5. Bd2 b6 6. Bd3 Bb7 7. Nf3 c5 8. a3 Bxc3 9. Bxc3 Ne4 10. Bxe4 Bxe4 11. dxc5 bxc5 12. Qd6 Nc6 13. Qxc5 d6 14. Qg5 Qxg5 15. Nxg5 Bd3 16. O-O-O Bxc4 17. Rxd6 Ne7 18. e4 Nc8 19. Rd4 Nb6 20. Kc2 Rfc8 21. b3 e5 22. Rxc4 Nxc4 23. bxc4 Rxc4 24. Re1 Ra4 25. Kb3 Ra6 26. Nf3 Rb8+ 27. Ka2 Rc6 28. Re3 f6 29. Nd2 Rd6 30. h4 h5 31. g3 Kf7 32. Re2 Rc6 33. Re3 Rd6 34. a4 Ke6 35. a5 Rc6 36. Rd3 Rd6 37. Re3 Rc6 38. f4 Rd8 39. Kb3 exf4 40. gxf4 Kf7 41. e5 Rd5 42. Nc4 Rdc5 43. Nd6+ Ke6 44. exf6+ Kxd6 45. fxg7 Rb5+ 46. Bb4+ 1-0

[Event "ROU-chT 1st League 2019"]
[Site "Mamaia"]
[Date "2019.09.27"]
[Round "7.9"]
[White "Ionescu, Constantin"]
[Black "Miron, Lucian-Costin"]
[Result "0-1"]
[ECO "D02"]
[WhiteElo "2426"]
[BlackElo "2490"]
[Annotator "ChessBase"]
[PlyCount "60"]
[EventDate "2019.09.21"]
[EventType "team-tourn"]
[EventCountry "ROU"]
[SourceTitle "playchess.com"]
[Source "ChessBase"]
[SourceQuality "1"]
[TimeControl "40/5400+30:1800+30"]

1. d4 d5 2. Nf3 Nf6 3. c4 c6 4. Qc2 g6 5. Bf4 Bg7 6. e3 O-O 7. Nc3 c5 8. dxc5 Qa5 9. Nd2 Bf5 10. Bd3 Bxd3 11. Qxd3 Nbd7 12. Nb3 Qa6 13. Qe2 dxc4 14. Nd2 Nxc5 15. Nxc4 Rac8 16. Ne5 Qe6 17. Nf3 Nh5 18. Bg3 Ne4 19. Nb5 Nhxg3 20. hxg3 a6 21. Nbd4 Qxa2 22. Rxa2 Rc1+ 23. Qd1 Rxd1+ 24. Kxd1 Nxf2+ 25. Ke1 Nxh1 26. Ne2 Rc8 27. b3 Bh6 28. Rd2 Bxe3 29. Rd7 Kf8 30. Rxb7 Rd8 0-1